 Dungeon Crawl Stone Soup version 0.31-a0-543-geaa9c7a2c0 (webtiles) character file.

Game seed: 12272944357155013250

57 Ethylacetat the Ducker (level 4, -1/30 HPs)
             Began as an Octopode Gladiator on Aug 15, 2023.
             Slain by a rat (3 damage)
             ... on level 2 of the Dungeon.
             The game lasted 00:01:13 (1309 turns).

Ethylacetat the Ducker (Octopode Gladiator)         Turns: 1309, Time: 00:01:13

Health: -1/30      AC:  1    Str: 13    XL:     4   Next: 0%
Magic:  4/4        EV: 14    Int: 10    God:
Gold:   87         SH:  0    Dex: 15    Spells: 3/3 levels left

rFire   . .          .
                       - Unarmed
rCold   . . .        (no shield)
rNeg    . . .        a - +0 hat
rPois   .            (no amulet)
rElec   .            (no ring)
rCorr   .            (no ring)
SInv    .            (no ring)
Will    .....        (no ring)
Stlth   ++           (no ring)
HPRegen 0.25/turn    (no ring)
MPRegen 0.09/turn    (no ring)
                     (no ring)

%: no passive effects
@: no status effects
A: almost no armour, amphibious, 8 rings, camouflage 1, gelatinous body 1,
(nimble swimmer 1), tentacles
a: no special abilities


You were on level 2 of the Dungeon.
You visited 1 branch of the dungeon, and saw 2 of its levels.

You collected 87 gold pieces.

Inventory:

Missiles
 b - 3 throwing nets (quivered)
 c - a javelin
Armour
 a - a +0 hat (worn)
Scrolls
 d - 2 scrolls of identify {unknown}
Potions
 e - a potion of curing


   Skills:
 + Level 2.9 Fighting
 - Level 2.0 Throwing
 + Level 3.6 Dodging
 + Level 3.6 Unarmed Combat


You had 3 spell levels left.
You didn't know any spells.
Your spell library was empty.

Dungeon Overview and Level Annotations

Branches:
Dungeon (2/15)

Altars:


Innate Abilities, Weirdness & Mutations

You cannot wear most types of armour.
You are amphibious.
You can wear up to eight rings at the same time.
Your skin changes colour to match your surroundings (Stealth+).
Your rubbery body absorbs attacks. (AC +1, EV +1)
((You are camouflaged when in or above water. (Stealth+)))
You have tentacles for arms and can constrict up to eight enemies at once.


Message History

A puff of flame appears from out of thin air!
The puff of flame misses you.
A rat comes into view.
The orc priest hits you with a +1 hand axe of freezing!
The orc priest freezes you. Something completely misses you.
The orc priest casts a cantrip, but nothing happens.
Things that are here:
a +0 flail; an orc corpse A magic dart appears from out of thin air!
The magic dart hits you.
* * * LOW HITPOINT WARNING * * *
You swing at nothing.
You miss something. Something hits you.
* * * LOW HITPOINT WARNING * * *
You tentacle-slap something. Your squeeze misses something.
Something completely misses you.
It was a potion of curing.
You feel better. Something hits you.
There are monsters nearby!
There are monsters nearby!
There are monsters nearby!
There are monsters nearby!
You tentacle-slap something. Something hits you.
* * * LOW HITPOINT WARNING * * *
You tentacle-slap something. Something hits you.
* * * LOW HITPOINT WARNING * * *
You tentacle-slap something. Your squeeze misses something. Something hits you.
* * * LOW HITPOINT WARNING * * *
Okay, then.
You tentacle-slap something.
Reactivating autopickup.
You feel a bit more experienced.
You tentacle-slap the orc. You grab the orc.
The orc is almost dead.
You constrict the orc.
You kill the orc!
The orc priest miscasts a cantrip.
You have reached level 4!
The rat bites you.
You die...

#.# #.# . ######.#
.##......####
..#.#####...#
#.#.#####.#.# .
#.#.......#.########
...###.#.#>..............
...r...#@#.......########
..####.ro#####...#######
.......ol....#..........
.!.#..))...#.#...#######
. #.#...#.# #.#.########
#.......# #...........
#.......# #####.#####.
#.......# #.......
#.#...#.# ##......


You could see an orc priest, an orc, a frilled lizard and a rat.

Vanquished Creatures
  An orc wizard (D:2)
  3 orcs (D:2)
  3 bats (D:1)
  An endoplasm (D:1)
  3 giant cockroaches
  4 hobgoblins (D:1)
  2 kobolds
  6 ball pythons
  4 frilled lizards (D:1)
  3 rats (D:1)
30 creatures vanquished.

Notes
Turn   | Place    | Note
-------+----------+-------------------------------------------
     0 | D:1      | Ethylacetat the Octopode Gladiator began the quest for the
                  | Orb.
     0 | D:1      | Reached XP level 1. HP: 14/14 MP: 1/1
   190 | D:1      | Reached XP level 2. HP: 14/19 MP: 2/2
  1153 | D:2      | Reached XP level 3. HP: 25/25 MP: 3/3
  1306 | D:2      | HP: 1/25 [something (3)]
  1309 | D:2      | Reached XP level 4. HP: 1/30 MP: 4/4
  1309 | D:2      | Slain by a rat

Illustrated notes

Levels and vault maps discovered:
D:1:      dpeg_arrival_brainrot, layout_basic
D:2:      cheibrodos_pilgrimage, layout_basic

Action                     |  1- 3 |  4- 6 || total
---------------------------+-------+-------++-------
  Melee: Unarmed           |    68 |       ||    68
         Constrict         |    12 |       ||    12
         Tentacles         |     5 |       ||     5
         Punch             |     2 |       ||     2
    Use: Potion            |     1 |       ||     1
   Stab: Sleeping          |     7 |       ||     7
 Armour: Skin              |     6 |       ||     6
  Dodge: Dodged            |    34 |       ||    34

Table legend: (Time is in decaauts)
 A = Elapsed time spent in this place.
 B = Non-inter-level travel time spent in this place.
 C = Inter-level travel time spent in this place.
 D = Time resting spent in this place.
 E = Time spent auto-exploring this place.
 F = Levels seen in this place.
 G = Mean time per level.
                   A        B        C        D        E       F      G
               +--------+--------+--------+--------+--------+-----+--------+
         Total |   1304 |   1265 |     39 |      0 |   1082 |   2 |  652.0 |
       Dungeon |   1304 |   1265 |     39 |      0 |   1082 |   2 |  652.0 |
               +--------+--------+--------+--------+--------+-----+--------+

Top non-repeatable levels by time:
     D:1: 1137 daAuts
     D:2: 167 daAuts
